[Event "Titled Tuesday Blitz July 25 Early 2023"]
[White "Kopczynski, Michal"]
[Black "Sariego Figueredo, Wilfredo"]
[WhiteFideId "1124200"]
[BlackFideId "3500080"]
[WhiteElo "2465"]
[BlackElo "2208"]
[Result "1-0"]
[Round "2"]
[TimeControl "180+2"]
[Date "2023.07.25"]
[WhiteClock "0:00:09"]
[BlackClock "0:00:01"]
[Board "220"]

1. e4 c5 2. d4 cxd4 3. c3 Nf6 4. Bd3 dxc3 5. Nxc3 e5 6. f4 Nc6 7. Nf3 d6 8. O-O Be7 9. Kh1 O-O 10. Qe1 Nb4 11. Bb1 Nc6 12. f5 Re8 13. Be3 d5 14. exd5 Nxd5 15. Nxd5 Qxd5 16. a3 Qb5 17. Be4 Bf6 18. b4 b6 19. a4 Qc4 20. Bg5 Bb7 21. Rc1 Qxb4 22. Qxb4 Nxb4 23. Bxb7 Rab8 24. Bxf6 gxf6 25. Rc7 e4 26. Nd4 e3 27. Bf3 Nd3 28. Nc6 Ra8 29. Re7 Rac8 30. Kg1 Kf8 31. Rxe8+ Rxe8 32. Nd4 a6 33. Rd1 Nb2 34. Re1 Re5 35. Nc2 Nxa4 36. Nxe3 Nc5 37. Nc2 Rxf5 38. Nd4 Rf4 39. Nc6 a5 40. Rb1 Na4 41. Nb8 Rf5 42. Nd7+ Kg7 43. Nxb6 Nc3 44. Ra1 Rb5 45. Nc4 a4 46. Kf2 Rb4 47. Ne3 Rb2+ 48. Kg3 Na2 49. Nf5+ Kg8 50. Nd4 Nc3 51. Kf4 Rb4 52. Ke3 f5 53. Kd3 Ne4 54. Nxf5 Nf2+ 55. Kc3 Rb3+ 56. Kc4 Nd3 57. Rd1 Nb2+ 58. Kc5 Nxd1 59. Bxd1 Rc3+ 60. Kb4 Rc1 61. Bxa4 Rg1 62. Bc6 Rh1 63. h3 Rb1+ 64. Kc5 Rb2 65. Kd6 h5 66. Bd5 Rd2 67. Ke5 Re2+ 68. Kf6 Rf2 69. Bxf7+ Kh7 70. Bd5 1-0


[Site "https://www.chess.com"]

[Event "Titled Tuesday Blitz July 25 Early 2023"]
[White "Kiseleva, Arina"]
[Black "Molenda, Marcin"]
[WhiteFideId "4164989"]
[BlackFideId "1173065"]
[WhiteElo "2202"]
[BlackElo "2465"]
[Result "1-0"]
[Round "2"]
[TimeControl "180+2"]
[Date "2023.07.25"]
[WhiteClock "0:00:05"]
[BlackClock "0:00:01"]
[Board "221"]

1. d4 Nf6 2. Nf3 g6 3. Nbd2 d5 4. b3 Bg7 5. Bb2 O-O 6. e3 a5 7. a4 Nc6 8. Be2 Bf5 9. O-O Nb4 10. Rc1 Ne4 11. Nxe4 Bxe4 12. c3 Nc6 13. c4 Nb4 14. cxd5 Bxd5 15. Bc4 c6 16. Qe2 Qd7 17. e4 Bxc4 18. bxc4 Rfd8 19. Rfd1 Rac8 20. h3 e6 21. e5 c5 22. dxc5 Qc6 23. Ng5 Qxc5 24. Ne4 Rxd1+ 25. Qxd1 Qc6 26. Nf6+ Kh8 27. Qd2 Qxa4 28. Rd1 Nc6 29. Qd7 Rf8 30. Rf1 Qxc4 31. Qxb7 Nb4 32. Nd7 Qc8 33. Qb5 Rd8 34. Nf6 Qa6 35. Qa4 Nd5 36. Ne8 1-0


[Site "https://www.chess.com"]

[Event "Titled Tuesday Blitz July 25 Early 2023"]
[White "ExchangeAB"]
[Black "Tqebuchava, Zurab"]
[BlackFideId "13601113"]
[WhiteElo "2462"]
[BlackElo "2202"]
[Result "1-0"]
[Round "2"]
[TimeControl "180+2"]
[Date "2023.07.25"]
[WhiteClock "0:01:34"]
[BlackClock "0:00:34"]
[Board "222"]

1. d4 d6 2. e4 Nf6 3. Nc3 Nbd7 4. Bc4 e5 5. Nf3 h6 6. O-O exd4 7. Nxd4 Be7 8. f4 O-O 9. Qf3 a6 10. a4 Re8 11. Nf5 Bf8 12. Qg3 Kh8 13. Bxf7 Nxe4 14. Nxe4 Rxe4 15. Bd5 Re8 16. Nxh6 Qf6 17. Nf7+ Kh7 18. Qh3+ 1-0


[Site "https://www.chess.com"]

[Event "Titled Tuesday Blitz July 25 Early 2023"]
[White "Szyszylo, Rafal"]
[Black "Putri, Regita Desyari"]
[WhiteFideId "1109626"]
[BlackFideId "7109083"]
[WhiteElo "2461"]
[BlackElo "2200"]
[Result "0-1"]
[Round "2"]
[TimeControl "180+2"]
[Date "2023.07.25"]
[WhiteClock "0:00:03"]
[BlackClock "0:00:05"]
[Board "223"]

1. e4 e5 2. Bc4 Nc6 3. Nc3 Bc5 4. Qg4 g6 5. Qf3 Nf6 6. Nge2 O-O 7. d3 Nd4 8. Nxd4 exd4 9. Ne2 d5 10. Bg5 Be7 11. Bxf6 Bxf6 12. Bxd5 c6 13. Bb3 a5 14. a4 h5 15. h3 Kg7 16. O-O Be5 17. Kh1 Qg5 18. Ng1 f5 19. Qe2 fxe4 20. Qxe4 Qf6 21. Nf3 Bc7 22. Qxd4 Bf5 23. Qxf6+ Rxf6 24. Rae1 Bd6 25. Re2 Bxh3 26. Ng5 Bf5 27. Ne6+ Kh6 28. Nd4 Raf8 29. Nxf5+ Rxf5 30. f3 R5f6 31. Kg1 Bc5+ 32. Kh1 b5 33. Re4 b4 34. Bc4 Rf4 35. Rfe1 Rxe4 36. Rxe4 Kg5 37. Kh2 Bd6+ 38. g3 Rxf3 39. Re6 Bxg3+ 40. Kg2 Kf4 41. Rf6+ Kg4 42. Rxf3 Bf4 43. Rxf4+ Kxf4 44. Kf2 g5 45. Bf7 c5 46. Kg2 h4 47. Be6 g4 48. Kf2 h3 49. c3 g3+ 50. Kg1 h2+ 51. Kg2 bxc3 52. bxc3 Ke3 53. Bf5 Kd2 54. c4 Kc3 55. Be4 Kb4 56. Kxg3 Kxa4 57. Kxh2 Kb3 58. Kg3 a4 59. Kf3 a3 60. d4 Kxc4 61. dxc5 a2 62. c6 a1=Q 63. Kf4 Qf6+ 64. Ke3 Qd8 65. Kf4 Qc7+ 66. Ke3 Kc5 67. Kd3 Qa5 68. Ke3 Qb6 69. Kd3 Qd8+ 70. Ke3 Kc4 71. Kf3 Qd6 72. Ke3 Qd4+ 73. Kf3 Qd6 74. Ke3 Kc5 75. Kf3 Kd4 76. Bf5 Qe5 77. Bd7 Qe3+ 78. Kg4 Qe4+ 79. Kg5 Qe5+ 80. Kg4 Ke4 0-1


[Site "https://www.chess.com"]

[Event "Titled Tuesday Blitz July 25 Early 2023"]
[White "Avazkhonov, Alikhon"]
[Black "Smietanska, Wiktoria"]
[WhiteFideId "14208504"]
[BlackFideId "21869359"]
[WhiteElo "2456"]
[BlackElo "2190"]
[Result "0-1"]
[Round "2"]
[TimeControl "180+2"]
[Date "2023.07.25"]
[WhiteClock "0:01:05"]
[BlackClock "0:00:05"]
[Board "224"]

1. d4 Nf6 2. c4 g6 3. Nc3 Bg7 4. e4 d6 5. f3 O-O 6. Be3 e5 7. Qd2 Nc6 8. d5 Ne7 9. Nge2 c6 10. O-O-O cxd5 11. cxd5 Qa5 12. Kb1 b5 13. Nc1 a6 14. Nb3 Qc7 15. Rc1 Qb8 16. g4 Bd7 17. h4 h5 18. Bh6 b4 19. Ne2 hxg4 20. Ng3 Kh7 21. h5 Rh8 22. hxg6+ fxg6 23. Qe2 Bxh6 24. Bg2 Kg7 25. Rc2 Qb5 26. Qf2 Bf4 27. Ne2 Rxh1+ 28. Bxh1 Rh8 29. Bg2 gxf3 30. Bxf3 Bg5 31. Ng3 Qd3 32. Be2 Qe3 33. Qg2 Bf4 34. Nf1 Qxe4 35. Qf2 Bf5 36. Na1 Rh1 37. Bf3 Qd4 38. Qxd4 Rxf1+ 39. Qd1 Rxd1+ 40. Bxd1 Bxc2+ 41. Nxc2 Nexd5 42. Ne1 g5 43. Bb3 g4 44. Ng2 Ne3 45. Nh4 g3 46. Be6 g2 47. Nxg2 Nxg2 48. Kc2 e4 49. Kb3 e3 50. Bc4 d5 51. Bxa6 Bd6 52. Be2 Ne4 53. Bf3 Nh4 54. Be2 Ng3 55. Kc2 Nxe2 56. Kd3 Bf4 57. Kxe2 d4 58. Kd3 Nf5 59. Ke2 Ng3+ 60. Kd3 e2 61. Kxd4 e1=Q 62. Kc5 Qa1 63. Kxb4 Qxa2 64. Kb5 Qxb2+ 65. Kc5 Qc3+ 66. Kb6 Qd4+ 67. Kb7 Qd7+ 68. Ka8 Qc8+ 69. Ka7 Be3# 0-1


[Site "https://www.chess.com"]

[Event "Titled Tuesday Blitz July 25 Early 2023"]
[White "Francisco_Ferrari"]
[Black "Ljukin, Sergei"]
[BlackFideId "14102200"]
[WhiteElo "2178"]
[BlackElo "2456"]
[Result "0-1"]
[Round "2"]
[TimeControl "180+2"]
[Date "2023.07.25"]
[WhiteClock "0:00:02"]
[BlackClock "0:00:37"]
[Board "225"]

1. e4 e6 2. d3 d5 3. Qe2 Be7 4. Nf3 Nf6 5. g3 O-O 6. Bg2 c5 7. O-O Nc6 8. Nbd2 b5 9. Re1 Qb6 10. h4 Bb7 11. e5 Nd7 12. Nf1 c4 13. N1h2 cxd3 14. Qxd3 b4 15. Ng4 Ba6 16. Qd2 Rac8 17. h5 Qc7 18. Qf4 Nd8 19. Be3 Qxc2 20. Rac1 Qf5 21. Qd4 Bc5 22. Rxc5 Nxc5 0-1


[Site "https://www.chess.com"]

[Event "Titled Tuesday Blitz July 25 Early 2023"]
[White "Novikova, Margarita"]
[Black "Pasti, Aron"]
[WhiteFideId "14109689"]
[BlackFideId "785857"]
[WhiteElo "2176"]
[BlackElo "2455"]
[Result "0-1"]
[Round "2"]
[TimeControl "180+2"]
[Date "2023.07.25"]
[WhiteClock "0:01:12"]
[BlackClock "0:01:18"]
[Board "226"]

1. e4 e5 2. Nf3 Nc6 3. Bc4 Bc5 4. c3 Nf6 5. d4 exd4 6. cxd4 Bb4+ 7. Bd2 d5 8. Bxb4 dxc4 9. Ba3 Bg4 10. d5 Ne5 11. Nbd2 Nd3+ 12. Ke2 Qd7 13. Nxc4 Nf4+ 14. Kf1 O-O-O 15. Qd4 Bxf3 16. Ne5 Qb5+ 17. Kg1 Ne2+ 0-1


[Site "https://www.chess.com"]

[Event "Titled Tuesday Blitz July 25 Early 2023"]
[White "Estrada Nieto, Julian"]
[Black "Mishra, Manoj"]
[WhiteFideId "5101018"]
[BlackFideId "5006007"]
[WhiteElo "2454"]
[BlackElo "2163"]
[Result "1/2-1/2"]
[Round "2"]
[TimeControl "180+2"]
[Date "2023.07.25"]
[WhiteClock "0:00:19"]
[BlackClock "0:00:15"]
[Board "227"]

1. e4 Nf6 2. e5 Nd5 3. d4 d6 4. Nf3 dxe5 5. Nxe5 c6 6. Be2 Bf5 7. O-O Nd7 8. Nf3 e6 9. a3 Bd6 10. c4 Nf4 11. Bxf4 Bxf4 12. Nc3 O-O 13. Re1 Nf6 14. h3 Qc7 15. Bd3 Bxd3 16. Qxd3 Rad8 17. Rad1 Rfe8 18. Ne4 Nxe4 19. Qxe4 h6 20. Rd3 Qd6 21. Red1 Qc7 22. g3 Bxg3 23. fxg3 Qxg3+ 24. Kh1 Qxh3+ 25. Nh2 Qf5 26. Qxf5 exf5 27. R1d2 g5 28. d5 cxd5 29. cxd5 f4 30. Nf3 g4 31. Nh4 Re5 32. d6 g3 33. Kg2 Rh5 34. Kh3 Kg7 35. Kg4 Rg5+ 36. Kxf4 Kf6 37. Rxg3 Rh5 38. Nf3 Rf5+ 39. Ke3 Re8+ 40. Kf2 Rd8 41. d7 Ke7 42. Rh3 h5 43. Rh1 Rxd7 44. Re1+ Kd8 45. Rxd7+ Kxd7 46. Re5 Rxe5 47. Nxe5+ Ke6 48. Nf3 Kd5 49. Ke3 Kc4 50. Kd2 Kb3 51. Kc1 f5 52. Nd4+ Ka2 53. Nxf5 a5 54. Kc2 a4 55. Nh4 b5 56. Nf3 Ka1 57. Kc3 Ka2 58. Nh2 h4 59. Ng4 h3 60. Nh2 Ka1 61. b3 axb3 62. Kxb3 Kb1 63. Ng4 Ka1 64. Kb4 Ka2 65. Nh2 Kb2 66. Nf1 Ka2 67. Nh2 Kb2 68. Ng4 Ka2 69. Nf2 h2 70. Nh1 Kb2 71. Nf2 Ka2 72. Nh1 Kb2 73. Ng3 Ka2 74. Nh1 1/2-1/2


[Site "https://www.chess.com"]

[Event "Titled Tuesday Blitz July 25 Early 2023"]
[White "Jahnz, Fabian"]
[Black "Urbina Perez, Juan Antonio"]
[WhiteFideId "4653300"]
[BlackFideId "2217368"]
[WhiteElo "2161"]
[BlackElo "2453"]
[Result "0-1"]
[Round "2"]
[TimeControl "180+2"]
[Date "2023.07.25"]
[WhiteClock "0:00:50"]
[BlackClock "0:01:07"]
[Board "228"]

1. e4 c5 2. Nf3 d6 3. Bb5+ Bd7 4. Bxd7+ Nxd7 5. O-O Ngf6 6. Qe2 e6 7. Rd1 Be7 8. d4 Qc7 9. c3 O-O 10. Nbd2 cxd4 11. cxd4 Rac8 12. b3 Qc2 13. Ba3 Qc7 14. Rac1 Qa5 15. Nc4 Qa6 16. Qb2 Nxe4 17. Re1 Nef6 18. Bb4 Nd5 19. Ba3 N7f6 20. Nfd2 b5 21. Ne3 b4 22. Nxd5 Nxd5 23. Bxb4 Nxb4 24. Rxc8 Rxc8 25. Qb1 Qxa2 26. Qxa2 Nxa2 27. Kf1 Rc1 28. Ke2 Rxe1+ 29. Kxe1 d5 30. Kd1 Bb4 31. Nf3 Nc3+ 32. Kc2 Ne4 33. Ne5 Nxf2 34. Nc6 a5 35. h3 Ne4 36. Kd3 Nd6 37. g4 Kf8 38. h4 f6 39. Nb8 Ke8 40. Na6 Kd7 41. g5 fxg5 42. hxg5 Kc6 43. Nb8+ Kc7 44. Na6+ Kb7 0-1


[Site "https://www.chess.com"]

[Event "Titled Tuesday Blitz July 25 Early 2023"]
[White "Ai, Evan"]
[Black "Sailer, Mike"]
[WhiteFideId "2094770"]
[BlackFideId "2012901"]
[WhiteElo "2452"]
[BlackElo "2153"]
[Result "0-1"]
[Round "2"]
[TimeControl "180+2"]
[Date "2023.07.25"]
[WhiteClock "0:00:03"]
[BlackClock "0:00:13"]
[Board "229"]

1. e3 d5 2. d4 Bf5 3. c4 e6 4. Nc3 Nc6 5. Nf3 Nb4 6. e4 dxe4 7. Nh4 Qxh4 8. g3 Qd8 9. a3 Nd3+ 10. Bxd3 exd3 11. Be3 Nf6 12. f3 Be7 13. h4 h6 14. Qd2 Qd7 15. g4 Bh7 16. O-O-O O-O-O 17. g5 Nh5 18. Rdg1 hxg5 19. hxg5 Bg6 20. Nb5 a6 21. Qa5 Kb8 22. d5 Rc8 23. Na7 exd5 24. cxd5 d2+ 25. Kd1 Qf5 26. Qxd2 Qxf3+ 27. Kc1 Qe4 28. Kd1 Bf5 29. Ke1 Bd6 0-1


[Site "https://www.chess.com"]

[Event "Titled Tuesday Blitz July 25 Early 2023"]
[White "Novikov, Evgenij"]
[Black "Sanudula, K M Dahamdi"]
[WhiteFideId "4125380"]
[BlackFideId "9932470"]
[WhiteElo "2451"]
[BlackElo "2151"]
[Result "0-1"]
[Round "2"]
[TimeControl "180+2"]
[Date "2023.07.25"]
[WhiteClock "0:00:04"]
[BlackClock "0:00:53"]
[Board "230"]

1. e4 d5 2. e5 Bf5 3. d4 e6 4. h4 h5 5. Ne2 Be7 6. Nf4 Bg4 7. Be2 Bxe2 8. Qxe2 Bxh4 9. Qb5+ Nd7 10. Qxb7 Rb8 11. Qxa7 Bg5 12. Qa3 Ne7 13. Nxe6 Bxc1 14. Nxd8 Bxb2 15. Qxe7+ Kxe7 16. Nc6+ Ke6 17. Nxb8 Rxb8 18. Rxh5 Bxa1 19. Nd2 Bc3 20. Ke2 Bxd4 21. Nf3 Bxe5 22. Ng5+ Ke7 23. Kd2 Bf6 24. Nf3 g6 25. Rxd5 Ra8 26. Rd3 Rxa2 27. Re3+ Kf8 28. g4 Ra5 29. Rd3 Ne5 30. Nxe5 Bxe5 31. f3 Bf4+ 32. Kc3 g5 33. Kb4 Ra2 34. c4 Re2 35. Kc5 Re3 36. Rxe3 Bxe3+ 37. Kc6 Bf4 38. Kd7 Kg7 39. Ke7 Bd6+ 40. Kd7 Kf6 41. Kc6 Ke5 42. c5 Bxc5 43. Kxc5 Kf4 44. Kc6 Kxf3 45. Kxc7 Kxg4 0-1


[Site "https://www.chess.com"]

[Event "Titled Tuesday Blitz July 25 Early 2023"]
[White "Kiseljova, Marya"]
[Black "Tanmay Jain"]
[WhiteFideId "4155009"]
[BlackFideId "45015481"]
[WhiteElo "2137"]
[BlackElo "2451"]
[Result "0-1"]
[Round "2"]
[TimeControl "180+2"]
[Date "2023.07.25"]
[WhiteClock "0:00:10"]
[BlackClock "0:01:04"]
[Board "231"]

1. d4 Nf6 2. c4 e6 3. g3 d5 4. Nf3 Be7 5. Bg2 O-O 6. O-O b6 7. cxd5 exd5 8. Ne5 Bb7 9. Qa4 c5 10. Nc3 cxd4 11. Qxd4 Nc6 12. Nxc6 Bxc6 13. Bf4 Bc5 14. Qd2 Qd7 15. Rfd1 d4 16. Nb1 Bxg2 17. Kxg2 Qb7+ 18. Kg1 Nd5 19. Be5 Rad8 20. Bxd4 Bxd4 21. Qxd4 Nf4 22. gxf4 Rxd4 23. Rxd4 Qc7 24. Nc3 Rd8 25. Rad1 Rxd4 26. Rxd4 h6 27. e3 Qe7 28. Kg2 Qc5 29. a3 Kh7 30. Kf3 a6 31. Kg3 b5 32. Rd7 Qc6 33. Rd4 a5 34. Ne4 f5 35. Nc3 Qg6+ 36. Kf3 Qg4# 0-1


[Site "https://www.chess.com"]

[Event "Titled Tuesday Blitz July 25 Early 2023"]
[White "Reprintsev, Alexander"]
[Black "djjohnnywoo"]
[WhiteFideId "14100541"]
[WhiteElo "2450"]
[BlackElo "2130"]
[Result "0-1"]
[Round "2"]
[TimeControl "180+2"]
[Date "2023.07.25"]
[WhiteClock "0:00:42"]
[BlackClock "0:00:20"]
[Board "232"]

1. e4 c5 2. b3 Nc6 3. Bb2 d6 4. Bb5 Bd7 5. Ne2 a6 6. Bxc6 Bxc6 7. f3 Nf6 8. d4 e6 9. c4 Be7 10. d5 exd5 11. exd5 Bd7 12. Nbc3 b5 13. O-O bxc4 14. bxc4 Rb8 15. Qd2 O-O 16. Ng3 h5 17. Rae1 h4 18. Nge4 Nh5 19. g4 hxg3 20. hxg3 f5 21. g4 fxe4 22. gxh5 Bg5 23. Qh2 Bf4 24. Qg2 e3 25. Ne4 Rxb2 26. Qxb2 Bh3 27. Re2 Qh4 28. Rg2 Bxg2 29. Qxg2 Rf5 30. Rb1 Rxh5 31. Rb8+ Kh7 32. Rb7 Qe1+ 33. Qf1 Rh1+ 0-1


[Site "https://www.chess.com"]

[Event "Titled Tuesday Blitz July 25 Early 2023"]
[White "Lisjak, Zlatko"]
[Black "Liu, Casper"]
[WhiteFideId "14502186"]
[BlackFideId "1454153"]
[WhiteElo "2129"]
[BlackElo "2449"]
[Result "0-1"]
[Round "2"]
[TimeControl "180+2"]
[Date "2023.07.25"]
[WhiteClock "0:00:02"]
[BlackClock "0:00:21"]
[Board "233"]

1. d4 Nf6 2. Nc3 g6 3. Bf4 Bg7 4. h4 O-O 5. e3 d6 6. h5 Nxh5 7. Rxh5 gxh5 8. Qxh5 e5 9. Bg5 Qe8 10. O-O-O f6 11. Qxe8 Rxe8 12. Nd5 fxg5 13. Nxc7 Re7 14. Nxa8 b6 15. dxe5 Bxe5 16. Nf3 Nc6 17. Bb5 Bb7 18. Nxe5 dxe5 19. Bxc6 Bxc6 20. Rd8+ Kf7 21. g3 h5 22. f4 exf4 23. exf4 gxf4 24. gxf4 Bf3 25. Rh8 Kg7 26. Rc8 h4 27. Nc7 h3 28. Ne8+ Kg6 29. f5+ Kg5 0-1


[Site "https://www.chess.com"]

[Event "Titled Tuesday Blitz July 25 Early 2023"]
[White "Herzog2012"]
[Black "Phillips, Rene"]
[BlackFideId "2056275"]
[WhiteElo "2448"]
[BlackElo "2127"]
[Result "1-0"]
[Round "2"]
[TimeControl "180+2"]
[Date "2023.07.25"]
[WhiteClock "0:00:18"]
[BlackClock "0:01:47"]
[Board "234"]

1. e4 Nc6 2. Nc3 Nf6 3. Nf3 d5 4. e5 d4 5. exf6 dxc3 6. fxg7 cxd2+ 7. Qxd2 Qxd2+ 8. Bxd2 Bxg7 9. O-O-O O-O 10. Bb5 Nd4 11. Nxd4 Bxd4 12. Bb4 Bf6 13. Rhe1 c6 14. Bc4 Bg4 15. f3 Bf5 16. Bxe7 Bxe7 17. Rxe7 Rab8 18. g4 Bg6 19. h4 h5 20. Rdd7 b5 21. Bb3 a5 22. a3 a4 23. Ba2 Rbe8 24. g5 Rxe7 25. Rxe7 Rc8 26. f4 Kf8 27. Re5 Re8 28. Rxe8+ Kxe8 29. c3 Ke7 30. Kd2 Kd6 31. Ke3 c5 32. f5 Bxf5 33. Bxf7 Ke7 34. Bxh5 b4 35. cxb4 cxb4 36. axb4 Kd6 37. Bd1 Bd7 38. h5 Ke5 39. h6 1-0


[Site "https://www.chess.com"]

[Event "Titled Tuesday Blitz July 25 Early 2023"]
[White "Dahlgren, James Allen"]
[Black "whiteglovethief"]
[WhiteFideId "22256873"]
[WhiteElo "2115"]
[BlackElo "2448"]
[Result "0-1"]
[Round "2"]
[TimeControl "180+2"]
[Date "2023.07.25"]
[WhiteClock "0:00:57"]
[BlackClock "0:01:17"]
[Board "235"]

1. d3 d5 2. f4 h6 3. Nf3 Bg4 4. g3 e6 5. Bg2 Nf6 6. O-O c5 7. Nc3 Nc6 8. e4 dxe4 9. dxe4 Qxd1 10. Rxd1 Nd4 11. Kf2 Nxc2 12. Rb1 Nd4 13. Be3 O-O-O 14. Bxd4 cxd4 15. Nb5 Nxe4+ 16. Kf1 Kb8 17. Rxd4 Bc5 18. Rxe4 Bf5 19. Nc3 Bb6 20. Rbe1 Bxe4 21. Nxe4 f6 22. Ke2 Rd5 23. Rd1 Rxd1 24. Kxd1 Rd8+ 25. Kc2 Rc8+ 26. Nc3 Bf2 27. Kd3 a6 28. Ke2 Bc5 29. Bh3 Rc6 30. Kd3 b5 31. Ne4 Bb6 32. a3 Kc7 33. Bg2 Kd8 34. Nfd2 Rc1 35. Nf3 Rd1+ 36. Kc2 Ra1 37. Nc3 Ke7 38. Nb1 Kd6 39. Nfd2 Bg1 40. Nf3 Be3 41. Nfd2 Bxd2 42. Nxd2 f5 43. Nb1 e5 44. Bf1 exf4 45. gxf4 g5 46. fxg5 hxg5 47. Bd3 Ke5 48. b3 Ra2+ 49. Kc3 Rxh2 50. a4 bxa4 51. bxa4 a5 52. Nd2 g4 53. Nc4+ Kf4 54. Nxa5 g3 55. Nc4 g2 56. a5 g1=Q 0-1


[Site "https://www.chess.com"]

[Event "Titled Tuesday Blitz July 25 Early 2023"]
[White "Semenenko, Dmytry"]
[Black "Johnson, Ben"]
[WhiteFideId "14118645"]
[BlackFideId "2010917"]
[WhiteElo "2447"]
[BlackElo "2114"]
[Result "0-1"]
[Round "2"]
[TimeControl "180+2"]
[Date "2023.07.25"]
[WhiteClock "0:01:15"]
[BlackClock "0:00:06"]
[Board "236"]

1. Nf3 Nf6 2. c4 g6 3. Nc3 Bg7 4. d4 O-O 5. e4 d6 6. Be2 Nc6 7. O-O e5 8. Be3 exd4 9. Nxd4 Re8 10. Nxc6 bxc6 11. Bf3 Nd7 12. Bd4 Bxd4 13. Qxd4 c5 14. Qd2 Ne5 15. Be2 Be6 16. b3 Nc6 17. f4 f5 18. Bd3 Qf6 19. exf5 Qd4+ 20. Kh1 Bxf5 21. Rad1 Bxd3 22. Qxd3 Qxd3 23. Rxd3 Nd4 24. Nd5 Re2 25. Nxc7 Rf8 26. h3 Rxa2 27. b4 Rc2 28. bxc5 dxc5 29. Ra1 Rxf4 30. Nd5 Rff2 31. Ne3 Rce2 32. Nd5 Rxg2 33. Rxa7 Rh2+ 34. Kg1 Rhg2+ 35. Kf1 Rgf2+ 36. Kg1 Rg2+ 37. Kh1 Rgf2 38. Ne3 Re1+ 0-1


[Site "https://www.chess.com"]

[Event "Titled Tuesday Blitz July 25 Early 2023"]
[White "Itkis, Boris"]
[Black "Abdi, Farzad"]
[WhiteFideId "1209167"]
[BlackFideId "2076829"]
[WhiteElo "2443"]
[BlackElo "2109"]
[Result "1-0"]
[Round "2"]
[TimeControl "180+2"]
[Date "2023.07.25"]
[WhiteClock "0:00:47"]
[BlackClock "0:00:12"]
[Board "237"]

1. c4 e5 2. Nf3 e4 3. Nd4 Nc6 4. e3 Nf6 5. Nc3 Bb4 6. Qb3 Nxd4 7. exd4 Bxc3 8. dxc3 d6 9. Qc2 Bg4 10. h3 Bh5 11. Bg5 h6 12. Bxf6 Qxf6 13. Be2 Bxe2 14. Qxe2 O-O 15. O-O Qh4 16. Rae1 f5 17. f3 Rae8 18. fxe4 Rxe4 19. Qf2 Qxf2+ 20. Kxf2 Rfe8 21. Rxe4 Rxe4 22. Kf3 Kf7 23. a4 g5 24. a5 Rf4+ 25. Ke2 Rxf1 26. Kxf1 c5 27. b4 a6 28. Ke2 Ke6 29. Ke3 h5 30. g3 Kf6 31. Kf3 Ke6 32. h4 gxh4 33. gxh4 Kf6 34. Kf4 Kg6 35. bxc5 dxc5 36. Ke5 Kf7 37. Kxf5 Ke7 38. Ke5 Kd7 39. Kd5 1-0


[Site "https://www.chess.com"]

[Event "Titled Tuesday Blitz July 25 Early 2023"]
[White "Zheenbekov, Nurgazy"]
[Black "Floresvillar Gonzalez, Luis Migu"]
[WhiteFideId "13800485"]
[BlackFideId "5100542"]
[WhiteElo "2443"]
[BlackElo "2105"]
[Result "1-0"]
[Round "2"]
[TimeControl "180+2"]
[Date "2023.07.25"]
[WhiteClock "0:01:29"]
[BlackClock "0:00:57"]
[Board "238"]

1. e4 c5 2. Nf3 d6 3. Bb5+ Nd7 4. a4 a6 5. Bc4 e6 6. O-O Be7 7. c3 Bf6 8. d4 cxd4 9. cxd4 Ne7 10. Nc3 Qc7 11. Qe2 O-O 12. Bb3 g6 13. Bh6 Re8 14. Rfe1 b6 15. h4 Bb7 16. Rac1 Qb8 17. h5 Bg7 18. Bxg7 Kxg7 19. Qe3 h6 20. Nh2 e5 21. Ng4 g5 22. Ne2 Rf8 23. Ng3 Nf6 24. Nxf6 Kxf6 25. dxe5+ dxe5 26. Red1 b5 27. a5 Ra7 28. Rd7 Bc8 29. Rxa7 Be6 30. Rxa6 b4 31. Rb6 Qa8 32. Nf5 Qxa5 33. Nxe7 Kxe7 34. Rc7+ Kf6 35. Rxe6+ fxe6 36. Qf3# 1-0


[Site "https://www.chess.com"]

[Event "Titled Tuesday Blitz July 25 Early 2023"]
[White "Hartikainen, Jarmo"]
[Black "Bendayan Claros, Aaron"]
[WhiteFideId "503134"]
[BlackFideId "3803392"]
[WhiteElo "2097"]
[BlackElo "2439"]
[Result "0-1"]
[Round "2"]
[TimeControl "180+2"]
[Date "2023.07.25"]
[WhiteClock "0:00:02"]
[BlackClock "0:00:26"]
[Board "239"]

1. e4 c6 2. d4 d5 3. Nd2 dxe4 4. Nxe4 Nf6 5. Nxf6+ exf6 6. Bf4 Bd6 7. Qf3 O-O 8. Bd3 Re8+ 9. Ne2 Be6 10. h4 Qc7 11. Bxd6 Qxd6 12. h5 Bd5 13. Qf5 g6 14. hxg6 fxg6 15. Qh3 Qd7 16. O-O-O Qxh3 17. Rxh3 Nd7 18. f3 Nf8 19. c4 Bf7 20. Ng3 Rad8 21. Ne4 Kg7 22. Bf1 Bg8 23. g3 f5 24. Nc3 Re3 25. f4 Nd7 26. d5 Nf6 27. dxc6 Rxd1+ 28. Nxd1 Re7 29. cxb7 Rxb7 30. Rh2 Ne4 31. Rc2 Nxg3 32. Ne3 Re7 33. Rc3 Nxf1 34. Nxf1 Re1+ 35. Kc2 Rxf1 36. c5 Re1 37. c6 Re8 38. c7 Rc8 39. a4 h6 40. b4 Bd5 41. b5 g5 42. a5 g4 43. b6 axb6 44. axb6 h5 45. Rc5 Be4+ 46. Kd2 h4 47. Ke1 g3 48. Kf1 h3 49. Rxf5 h2 50. Rg5+ Kf6 51. Rh5 g2+ 52. Ke2 g1=Q 0-1


[Site "https://www.chess.com"]

[Event "Titled Tuesday Blitz July 25 Early 2023"]
[White "Goldin, Roman"]
[Black "Guevara Sanchez, Erick Marvin"]
[WhiteFideId "2803860"]
[BlackFideId "6700136"]
[WhiteElo "2438"]
[BlackElo "2093"]
[Result "1-0"]
[Round "2"]
[TimeControl "180+2"]
[Date "2023.07.25"]
[WhiteClock "0:00:17"]
[BlackClock "0:00:17"]
[Board "240"]

1. e4 c5 2. Nf3 d6 3. Bc4 e6 4. O-O Nf6 5. d3 Nc6 6. a3 Be7 7. Ba2 O-O 8. Nc3 d5 9. exd5 exd5 10. Bf4 Be6 11. h3 Rc8 12. Re1 a6 13. Qd2 Bd6 14. Bg5 Be7 15. Re2 h6 16. Bh4 Qd7 17. Rae1 Rfd8 18. Ne5 Nxe5 19. Rxe5 Qc6 20. g4 Kf8 21. Qe2 Kg8 22. f4 c4 23. f5 Bc5+ 24. Bf2 Bxf2+ 25. Qxf2 Bd7 26. d4 Qb6 27. Nd1 Ne4 28. Qe3 Bc6 29. c3 Re8 30. Bb1 Rxe5 31. dxe5 Qxe3+ 32. Nxe3 Nd2 33. Kf2 Re8 34. Nc2 Nxb1 35. Rxb1 Rxe5 36. Nd4 Re4 37. b3 Kf8 38. bxc4 dxc4 39. Nxc6 bxc6 40. Rb6 Re5 41. Rxa6 Rb5 42. Ke3 Rb3 43. Kd4 Ke7 44. Kxc4 Rb2 45. Rxc6 Rh2 46. Rc7+ Kf6 47. a4 Rxh3 48. a5 Rg3 49. a6 Rxg4+ 50. Kb5 Rg2 51. a7 Rb2+ 52. Kc5 Ra2 53. Kb6 h5 54. Rc6+ Kxf5 55. Rc5+ Kg4 56. Ra5 Rb2+ 57. Kc5 Rc2 58. a8=Q Rxc3+ 59. Kd4 Rg3 60. Qe4+ Kh3 61. Rxh5# 1-0


[Site "https://www.chess.com"]

[Event "Titled Tuesday Blitz July 25 Early 2023"]
[White "Wisniowski, Natalie"]
[Black "Vivas Zamora, Fabian Ernesto"]
[WhiteFideId "30929261"]
[BlackFideId "3902480"]
[WhiteElo "2084"]
[BlackElo "2438"]
[Result "0-1"]
[Round "2"]
[TimeControl "180+2"]
[Date "2023.07.25"]
[WhiteClock "0:00:02"]
[BlackClock "0:01:02"]
[Board "241"]

1. e4 e5 2. Nf3 Nc6 3. d4 exd4 4. Bc4 Nf6 5. e5 d5 6. Bb5 Ne4 7. Bxc6+ bxc6 8. O-O c5 9. Re1 Be7 10. Bf4 O-O 11. Nbd2 Bf5 12. Nb3 f6 13. exf6 Rxf6 14. Be5 Rg6 15. Bg3 Bg4 16. Nbd2 Nxd2 17. Qxd2 Bxf3 18. gxf3 Bd6 19. Kh1 Qf6 20. Qe2 Rf8 21. f4 Bxf4 22. Qf3 c6 23. Bxf4 Qxf4 24. Qxf4 Rxf4 25. Re2 h6 26. Rae1 c4 27. Rd2 Rgf6 28. Rf1 c5 29. Kg2 Rb6 30. b3 a5 31. bxc4 dxc4 32. Re2 Rb2 33. Re5 Rxc2 34. Rxc5 a4 35. Ra5 Rxa2 36. Rc5 d3 37. Rc8+ Kh7 38. Rc6 d2 39. Rd6 c3 40. Rd3 c2 41. Rxd2 c1=Q 42. Rxc1 Rxd2 43. Rf1 a3 0-1


[Site "https://www.chess.com"]